 Dungeon Crawl Stone Soup version 0.30-a0-760-g5a9884bb7c (webtiles) character file.

Game seed: 13590928589780462874

436392 Lavandula the Bringer of Light (level 25, -2/223 HPs)
             Began as a Human Monk on Feb 11, 2023.
             Was the Champion of the Shining One.
             Slain by a bennu (9 damage)
             ... on level 2 of the Tomb of the Ancients.
             The game lasted 02:22:25 (54209 turns).

Lavandula the Bringer of Light (Human Monk)        Turns: 54209, Time: 02:22:26

Health: -2/223     AC: 23    Str: 23      XL:     25   Next: 19%
Magic:  0/36       EV: 10    Int: 22      God:    the Shining One [******]
Gold:   2122       SH:  0    Dex: 23 (25) Spells: 32/41 levels left

rFire   + . .      SeeInvis .    Y - +9 eudemon blade (holy)
rCold   . . .      Faith    .    D - +0 buckler {rPois}
rNeg    + + +      Spirit   +    u - +4 troll leather armour {Snorg}
rPois   +          Reflect  .    I - +2 helmet of Ominuju {rF+ Will+}
rElec   +          Harm     .    U - +2 cloak {rCorr}
rCorr   +          Rampage  .    Q - +2 pair of gloves {Dex+3}
Will    ++...                    J - +2 pair of boots
Stlth   +++                      b - amulet of the Enemy {Spirit rElec Int+6}
HPRegen 1.37/turn                j - +4 ring of slaying
MPRegen 0.25/turn                f - ring of Finality {rN+ Int+3 Dex+6}

@: mighty, marked, held, hasted and slowed, glowing
A: deterioration 1, robust 1, strong 1
}: 2/15 runes: decaying, serpentine
a: Renounce Religion, Divine Shield, Cleansing Flame, Summon Divine Warrior


You were on level 2 of the Tomb of the Ancients.
You worshipped the Shining One.
The Shining One was exalted by your worship.
You visited 9 branches of the dungeon, and saw 41 of its levels.
You visited the Abyss 1 time.
You also visited: Ossuary, Bailey and Gauntlet.

You collected 5675 gold pieces.
You spent 3553 gold pieces at shops.

Inventory:

Hand Weapons
 t - a +0 scimitar of flaming
 w - the +6 dagger of Arbitration {freeze, Drain rPois rC+}
   (You bought it in a shop on level 6 of the Dungeon)

   rC:        It protects you from cold.
   rPois:     It protects you from poison.
   Drain:     It drains your maximum health when unequipped.
 N - the +16 lance "Wyrmbane" {slay drac, rPois rF+ rC+ AC+3}
   (You found it on level 2 of the Depths)

   AC:        It affects your AC (+3).
   rF:        It protects you from fire.
   rC:        It protects you from cold.
   rPois:     It protects you from poison.
 Y - a +9 eudemon blade of holy wrath (weapon)
Missiles
 H - 8 throwing nets (quivered)
 P - 2 curare-tipped darts
 W - 7 javelins
Armour
 g - the +2 leather armour "Neemi" {-Cast rPois Regen+}
   (You found it on level 7 of the Dungeon)

   rPois:     It protects you from poison.
   -Cast:     It prevents spellcasting.
   Regen:     It increases your rate of health regeneration.
 n - a +0 kite shield of reflection
 u - a +4 troll leather armour (worn) {Snorg}
 B - a +2 helmet of see invisible
 D - a +0 buckler of poison resistance (worn)
 I - the +2 helmet of Ominuju (worn) {rF+ Will+}
   (You found it in a Gauntlet)

   rF:        It protects you from fire.
   Will:      It increases your willpower.
 J - a +2 pair of boots (worn)
 Q - a +2 pair of gloves of dexterity (worn)
 U - a +2 cloak of preservation (worn)
Jewellery
 a - a ring of protection from fire
 b - the amulet of the Enemy (around neck) {Spirit rElec Int+6}
   (You found it on level 13 of the Dungeon)

   [amulet of guardian spirit]

   It causes incoming damage to be divided between your reserves of health and
   magic.
   Int:       It affects your intelligence (+6).
   rElec:     It insulates you from electricity.
 f - the ring of Finality (right hand) {rN+ Int+3 Dex+6}
   (You found it on level 2 of the Depths)

   [ring of dexterity]

   Int:       It affects your intelligence (+3).
   Dex:       It affects your dexterity (+6).
   rN:        It protects you from negative energy.
 j - a +4 ring of slaying (left hand)
Wands
 s - a wand of paralysis (59)
 y - a wand of polymorph (28)
 z - a wand of quicksilver (8)
 A - a wand of mindburst (46)
 K - a wand of iceblast (30)
 X - a wand of digging (4)
 Z - a wand of flame (18)
Scrolls
 d - 3 scrolls of enchant weapon
 h - 16 scrolls of vulnerability
 i - 4 scrolls of poison
 x - 4 scrolls of magic mapping
 C - 3 scrolls of brand weapon
 G - a scroll of silence
 T - 12 scrolls of identify
Potions
 c - 3 potions of ambrosia
 e - 4 potions of attraction
 k - 8 potions of lignification
 l - a potion of mutation
 o - 5 potions of invisibility
 p - 4 potions of might
 q - a potion of haste
 r - 4 potions of brilliance
 v - a potion of cancellation
 E - 6 potions of flight
 F - 4 potions of resistance
 O - 11 potions of curing
Miscellaneous
 L - a tin of tremorstones (2/2)
 R - a lightning rod (4/4)
 S - a phantom mirror


   Skills:
 - Level 17.6 Fighting
 - Level 14.0 Long Blades
 - Level 12.0 Polearms
 - Level 2.0 Throwing
 - Level 10.0 Armour
 - Level 10.4 Dodging
 - Level 15.7 Stealth
 - Level 11.5 Shields
 - Level 8.9 Spellcasting
 - Level 18.9 Summonings
 + Level 9.1 Translocations
 - Level 19.4 Invocations
 - Level 4.2 Evocations


You had 32 spell levels left.
You knew the following spells:

 Your Spells              Type           Power      Damage    Failure   Level
a - Monstrous Menagerie   Summ           37%        N/A       3%          7
b - Blink                 Tloc           100%       N/A       1%          2

Your spell library contained the following spells:

 Spells                   Type           Power      Damage    Failure   Level
 Summon Small Mammal      Summ           100%       N/A       0%          1
 Call Canine Familiar     Summ           75%        N/A       0%          3
 Lesser Beckoning         Tloc           100%       N/A       1%          2
 Momentum Strike          Conj/Tloc      58%        3d9       1%          2
 Gell's Gravitas          Tloc           50%        N/A       1%          3
 Summon Guardian Golem    Hex/Summ       51%        N/A       1%          3
 Teleport Other           Tloc           50%        N/A       1%          3
 Manifold Assault         Tloc           50%        N/A       1%          4
 Passage of Golubria      Tloc           50%        N/A       1%          4
 Summon Ice Beast         Ice/Summ       51%        N/A       1%          4
 Summon Lightning Spire   Summ/Air       51%        N/A       1%          4
 Summon Hydra             Summ           37%        N/A       3%          7
 Vhi's Electric Charge    Tloc/Air       58%        N/A       4%          3
 Summon Mana Viper        Hex/Summ       51%        N/A       4%          5
 Kindle Blastsparks       Fire/Tloc/Air  46%        2d13      8%          3
 Beastly Appendage        Tmut           18%        N/A       9%          1
 Foxfire                  Conj/Fire      36%        2x1d5     9%          1
 Freeze                   Ice            36%        1d5       9%          1
 Kiss of Death            Conj/Necr      36%        2d8       9%          1
 Ensorcelled Hibernation  Hex/Ice        18%        N/A       14%         2
 Passwall                 Tmut/Erth      7%         N/A       14%         2
 Static Discharge         Conj/Air       18%        2-3/arc   14%         2
 Sublimation of Blood     Necr           9%         N/A       14%         2
 Wereblood                Tmut           9%         N/A       14%         2
 Iskenderun's Mystic Bla  Conj/Tloc      29%        2d7       14%         4
 Confusing Touch          Hex            9%         N/A       26%         3
 Dazzling Flash           Conj/Hex       18%        N/A       26%         3
 Frozen Ramparts          Ice            18%        1d3       26%         3
 Hailstorm                Conj/Ice       9%         3d4       26%         3
 Ignite Poison            Fire/Tmut/Pois 9%         N/A       26%         3
 Spider Form              Tmut/Pois      9%         N/A       26%         3
 Swiftness                Air            9%         N/A       26%         3
 Tukima's Dance           Hex            9%         N/A       26%         3
 Dispersal                Tloc           25%        N/A       32%         6
 Airstrike                Air            4%         2d(1-17)  65%         4
 Dispel Undead            Necr           9%         3d8       65%         4
 Fulminant Prism          Conj/Hex       4%         3d5       65%         4
 Ice Form                 Ice/Tmut       9%         N/A       65%         4
 Leda's Liquefaction      Hex/Erth       4%         N/A       65%         4
 Olgreb's Toxic Radiance  Pois           9%         N/A       65%         4
 Sticky Flame             Conj/Fire      9%         2d3       65%         4
 Arcjolt                  Conj/Air       4%         1d14      94%         5
 Blade Hands              Tmut           4%         N/A       94%         5
 Fireball                 Conj/Fire      4%         3d4       94%         5
 Freezing Cloud           Conj/Ice/Air   4%         6-21      94%         5
 Irradiate                Conj/Tmut      4%         3d13      94%         5
 Iskenderun's Battlesphe  Conj           9%         2d6       94%         5
 Lee's Rapid Deconstruct  Erth           4%         3d5*      94%         5
 Lightning Bolt           Conj/Air       4%         1d16      94%         5
 Silence                  Hex/Air        4%         N/A       94%         5
 Yara's Violent Unravell  Hex/Tmut       4%         3d4       94%         5
 Conjure Ball Lightning   Conj/Air       4%         3x3d6     100%        6
 Simulacrum               Ice/Necr       4%         N/A       100%        6
 Starburst                Conj/Fire      4%         6d4       100%        6
 Statue Form              Tmut/Erth      6%         N/A       100%        6
 Dragon Form              Tmut           4%         N/A       100%        7
 Orb of Destruction       Conj           4%         9d5       100%        7
 Ozocubu's Refrigeration  Ice            4%         4d8       100%        7
 Storm Form               Tmut/Air       4%         N/A       100%        7
 Ignition                 Fire           4%         3d4       100%        8
 Lehudib's Crystal Spear  Conj/Erth      4%         10d3      100%        8
 Maxwell's Capacitive Co  Air            4%         ∞         100%        8
 Chain Lightning          Conj/Air       4%         3d6       100%        9
 Fire Storm               Conj/Fire      4%         8d1       100%        9
 Shatter                  Erth           4%         3d8*      100%        9


Dungeon Overview and Level Annotations

Branches:
Dungeon (15/15)            Temple (1/1) D:6            Lair (5/5) D:9
  Swamp (4/4) Lair:2        Snake (4/4) Lair:3          Orc (0/2) D:10
 Vaults (3/5) D:13          Crypt (3/3) Vaults:2       Tomb (2/3) Crypt:3
 Depths (4/4) D:15            Zot (0/5) Depths:4    Ossuary (visited)
 Bailey (visited)         Gauntlet (visited)
  Slime: Lair:4-5

Altars:
Ashenzari
Cheibriados
Dithmenos
Elyvilon
Fedhas
Gozag
Hepliaklqana
Kikubaaqudgha
Makhleb
Nemelex Xobeh
Okawaru
Qazlal
Ru
Sif Muna
Trog
Uskayaw
Vehumet
Wu Jian
Xom
Yredelemnul
Zin
The Shining One
Jiyva

Shops:
D:3 *(:   D:6 **(   D:13 =   Snake:1 :   Snake:2 [   Snake:4 [(   Vaults:1 !
Vaults:2 [   Vaults:3 :*   Depths:1 *

Portals:
Hell: Depths:1 Depths:2 Depths:3 Depths:4
Abyss: Depths:1 Depths:3
Pandemonium: Depths:2
Ziggurat: Depths:3

Annotations:
D:8 exclusion: door
D:10 exclusion: downstairs
Lair:2 exclusion: oklob plant
Lair:4 exclusion: oklob plant
Lair:5 exclusion: oklob plant
Snake:2 4 runed translucent doors, iskra's ghost, adept AtBe
Snake:3 1 runed translucent door, Kocveate's ghost, adept MiBe
Crypt:3 exclusion: 3 doors


Innate Abilities, Weirdness & Mutations

Your body sometimes deteriorates upon taking damage.
You are robust. (+10% HP)
Your muscles are strong. (Str +4, Int/Dex -1)


Message History

The bennu claws you.
* * * LOW HITPOINT WARNING * * *
Your angel gestures.
Your angel is healed somewhat.
The royal mummy hits you but does no damage.
The royal mummy casts a spell at your angel.
Your angel is smitten.
A mummy comes into view.
The mummy hits you!
* * * LOW HITPOINT WARNING * * *
Your daeva hits the royal mummy with a +3 eudemon blade of holy wrath.
The royal mummy convulses.
Your daeva hits the royal mummy with a +3 eudemon blade of holy wrath!
The royal mummy convulses!
Okay, then.
Okay, then.
You tear a large gash into the net.
The bennu pecks you.
* * * LOW HITPOINT WARNING * * *
The bennu barely misses you. The bennu claws you but does no damage.
Your angel gestures.
Your angel is healed somewhat.
The ushabti hits you! The Shining One protects you from harm!
The chaos spawn barely misses you.
The red devil hits you but does no damage.
The mummy priest prays to its god.
Send 'em back where they came from!
The Shining One protects your fellow warrior from evil magic! x2
The royal mummy closely misses you. The royal mummy hits your angel.
Your daeva hits the royal mummy with a +3 eudemon blade of holy wrath!!
The royal mummy convulses.
Your daeva hits the royal mummy but does no damage.
The bennu barely misses you. The bennu claws you!
The Shining One protects you from harm! The bennu claws you but does no damage.
Okay, then.
You feel better.
You feel less invigorated. The bennu pecks you!
* * * LOW HITPOINT WARNING * * *
The bennu closely misses you. The bennu claws you!
You die...

#.. ....# #...
#...##
....#######....##
.....M....^.....##
.................##
......^............
......M.M.AMM...z..
........M.A@bMM.##
M.......MnM49M.....
...........M4M.....
....M......M.....##
............^M..##
....#######....##
#... #...## #..
....# ....


You could see 3 royal mummies, a bennu, an ancient champion, 2 mummy priests, a
guardian mummy, an ushabti, a chaos spawn (summoned), a red devil (summoned), a
necrophage (summoned), 10 mummies, a friendly daeva (summoned) and a friendly
angel (summoned).

Vanquished Creatures
  A dread lich (Crypt:3)
  2 royal mummies (Tomb:1)
  The ghost of dricus the Conqueror, a veteran MiBe of Trog (Depths:3)
  Frederick (Crypt:2)
  Nikola (Swamp:2)
  A golden dragon (Depths:4)
  A bone dragon (Depths:4)
  Rupert (Lair:3)
  3 liches
  2 Executioners (Depths:2)
  6 sphinxes
  Gastronok (Lair:3)
  2 tentacled starspawn (Abyss:2)
  A tengu reaver (Depths:4)
  Kirke (Swamp:2)
  A thorn hunter (Swamp:4)
  Donald (Swamp:2)
  6 ancient champions
  3 nagarajas
  7 fire giants
  4 revenants
  5 fenstrider witches (Swamp:4)
  5 frost giants
  A caustic shrike zombie (Depths:2)
  An iron dragon (Depths:3)
  Aizul (Vaults:1)
  14 ghouls
  3 vault wardens
  A cacodemon (Abyss:2)
  A draconian annihilator (Depths:4)
  3 war gargoyles
  A caustic shrike skeleton (Crypt:3)
  An ironbound thunderhulk (Vaults:3)
  3 ironbound preservers
  A reaper (Depths:2)
  4 vampire knights
  3 stone giants (Depths:1)
  A black draconian (Depths:4)
  9 very ugly things
  4 eleionomae
  3 dire elephants
  A minotaur (Gauntlet)
  A spark wasp (Depths:2)
  A red draconian (Depths:4)
  8 bunyips
  A quicksilver dragon zombie (Depths:2)
  2 purple draconians (Depths:4)
  10 nameless horrors
  5 deep elf death magi
  4 ettins
  A green death (Swamp:4)
  4 eidola
  Snorg (D:14)
  An acid blob zombie (Crypt:1)
  2 mummy priests (Tomb:1)
  4 jiangshi
  5 yaktaur captains
  5 fire dragons
  A great orb of eyes (Vaults:1)
  5 salamander tyrants
  3 vault guards
  A spectral tengu (Depths:2)
  3 ice dragons (Depths:1)
  A spectral spriggan (Depths:2)
  4 hydras
  5 ogre magi
  A juggernaut simulacrum (Depths:2)
  3 ghost crabs
  A peacekeeper (Vaults:3)
  A merfolk avatar (Lair:5)
  4 anacondas
  6 centaur warriors
  2 spriggan air magi
  2 deep troll shamans
  3 spectral frost giants (Depths:2)
  A catoblepas (D:13)
  An ironbound frostheart (Vaults:1)
  6 boulder beetles
  A fenstrider witch skeleton (Crypt:3)
  7 two-headed ogres
  9 death yaks (Lair:3)
  4 deep troll earth magi
  8 naga warriors
  6 vampire magi
  3 death knights (Crypt:2)
  A titan zombie (Depths:2)
  8 alligators
  10 death scarabs (Tomb:1)
  3 tengu warriors
  6 hell knights
  3 shock serpents
  3 naga sharpshooters
  5 soul eaters
  2 large abominations (Abyss:1)
  8 sun demons
  Nergalle (D:12)
  A spectral spark wasp (Depths:2)
  A spriggan berserker (Depths:2)
  3 titan skeletons (Depths:2)
  2 storm dragon zombies
  A wretched star (Abyss:2)
  A golden dragon zombie (Depths:2)
  13 skeletal warriors
  3 goliath frogs
  2 salamander mystics
  2 shadow wraiths
  A sixfirhy (Abyss:2)
  3 iron trolls
  16 sea snakes
  2 storm dragon skeletons
  3 swamp dragons
  3 glowing orange brains
  4 spriggan druids
  24 deep trolls
  A skyshark (Lair:4)
  9 bog bodies
  6 flayed ghosts
  4 wizards
  A spriggan simulacrum (Depths:2)
  2 shadow dragon zombies (Depths:2)
  7 necromancers
  11 phantasmal warriors
  A wolf spider zombie (D:14)
  4 ironbound convokers
  2 lindwurms (Vaults:2)
  2 golden dragon skeletons
  3 naga ritualists
  4 mana vipers
  7 deep elf zephyrmancers
  An iron dragon zombie (Tomb:1)
  5 deep elf pyromancers (D:14)
  2 shadow dragon skeletons
  3 orc sorcerers
  6 manticores
  8 will-o-the-wisps
  9 salamanders
  5 cyclopes
  2 stone giant skeletons (Crypt:1)
  16 ugly things
  A frost giant zombie (Depths:2)
  An iron dragon skeleton (Depths:2)
  A dire elephant zombie (Crypt:1)
  35 elephants
  Joseph (Lair:1)
  6 vault sentinels
  7 naga magi
  3 gargoyles
  3 torpor snails
  29 black mambas
  2 orange demons (Swamp:4)
  2 guardian serpents
  Maggie (Lair:1)
  2 smoke demons (Depths:1)
  13 cane toads
  A centaur skeleton (Crypt:1)
  4 freezing wraiths
  A minotaur zombie (Crypt:3)
  9 yaktaurs
  A kobold demonologist (D:12)
  3 tormentors
  2 rime drakes
  8 komodo dragons
  A minotaur skeleton (Crypt:2)
  An efreet (D:15)
  A redback zombie (D:14)
  10 guardian mummies
  An ice devil (Abyss:2)
  2 tengu conjurers
  An ancient zyme (Abyss:2)
  A grey draconian skeleton (Crypt:1)
  4 hellwings (Swamp:4)
  A harpy zombie (Crypt:3)
  5 trolls
  3 wind drakes (Lair:5)
  2 polar bears
  A tengu simulacrum (Depths:2)
  3 meliai (D:13)
  Grinder (D:6)
  10 blink frogs
  A raiju (Abyss:2)
  15 hornets
  11 tyrant leeches
  3 harpy skeletons
  16 dream sheep
  17 flying skulls
  13 wraiths
  8 slime creatures
  An ushabti (Tomb:1)
  6 hogs (Swamp:2)
  10 spriggans
  2 small abominations (Abyss:2)
  A ynoxinul (Abyss:2)
  Grum (Bailey)
  5 basilisks
  5 wyverns
  59 yaks
  2 neqoxecs (Abyss:2)
  2 redbacks (Vaults:2)
  A steam dragon (Lair:5)
  11 vampire mosquitoes
  Menkaure (D:6)
  28 nagas
  A glowing shapeshifter zombie (Depths:2)
  14 swamp worms
  4 acid dragons
  7 water moccasins
  A swamp drake (Swamp:3)
  4 ice beasts
  6 orc warriors
  2 glowing shapeshifter skeletons (Depths:2)
  3 ogres
  A naga skeleton (Crypt:3)
  A sky beast (D:7)
  3 black bears
  An elephant zombie (Crypt:2)
  5 centaurs
  21 wolves
  A rime drake zombie (Crypt:2)
  2 kobold brigands
  A phantom (D:4)
  7 gnoll sergeants
  2 wyvern zombies (Crypt:3)
  12 bullfrogs
  7 necrophages
  A cyclops zombie (Crypt:3)
  A glowing shapeshifter simulacrum (Depths:2)
  4 scorpions
  A wight (Abyss:2)
  A hornet simulacrum (D:14)
  10 killer bees
  5 electric eels
  2 howler monkeys
  A raiju skeleton (Crypt:3)
  A wolf zombie (Crypt:3)
  7 jellies
  A wolf skeleton (Crypt:1)
  4 orc priests
  5 hounds
  8 gnoll boudas
  5 starcursed masses (Abyss:2)
  A basilisk skeleton (Crypt:3)
  5 orc wizards
  12 hell rats
  A sky beast zombie (Crypt:2)
  8 mummies
  33 gnolls
  9 adders
  A howler monkey skeleton (Crypt:1)
  A swamp drake skeleton (Crypt:1)
  A shadow imp (D:5)
  A white imp (Abyss:1)
  2 ufetubi
  2 adder zombies (Ossuary)
  2 worms
  3 dart slugs
  36 orcs
  8 ball pythons
  9 endoplasms
  3 giant cockroaches
  9 goblins
  8 hobgoblins
  4 jackals (D:2)
  3 quokkas
  2 ball python skeletons (Ossuary)
  9 bats
  4 frilled lizards
  A hobgoblin skeleton (Ossuary)
  2 hobgoblin zombies (Ossuary)
  17 kobolds
  2 orc skeletons (Ossuary)
  5 rats
  A river rat skeleton (Crypt:2)
  A lurking horror (Abyss:2)
  2 starspawn tentacles (Abyss:2)
1290 creatures vanquished.

Vanquished Creatures (collateral kills)
  2 royal mummies
  Josephina (Crypt:1)
  2 bone dragons (Crypt:3)
  A shard shrike zombie (Tomb:2)
  A Tzitzimitl (Depths:2)
  An ancient champion (Crypt:1)
  3 revenants
  Roxanne (Snake:4)
  A storm dragon (Depths:4)
  A fire giant (Depths:3)
  A vault warden (Vaults:3)
  A draconian annihilator (Depths:4)
  A stone giant (Depths:1)
  A ghoul (Crypt:1)
  A curse skull (Crypt:3)
  2 ironbound preservers (Vaults:2)
  A reaper (Depths:2)
  A juggernaut skeleton (Crypt:2)
  5 very ugly things
  2 bennus (Tomb:2)
  A green draconian (Depths:4)
  2 vampire knights
  2 spark wasps (Depths:2)
  A white draconian (Depths:4)
  A red draconian (Depths:4)
  An eidolon (Crypt:3)
  A deep elf death mage (Crypt:2)
  An entropy weaver (Vaults:2)
  3 mummy priests (Tomb:1)
  An ettin (Depths:1)
  A fire dragon (Depths:1)
  A yaktaur captain (Depths:4)
  A peacekeeper (Vaults:1)
  An ice dragon (Depths:3)
  A vault guard (Vaults:1)
  A salamander tyrant (Snake:4)
  2 centaur warriors (Vaults:2)
  An anaconda (Snake:4)
  14 death scarabs (Tomb:1)
  A death knight (Crypt:1)
  2 naga warriors (Snake:4)
  2 deep troll earth magi (Depths:4)
  2 vampire magi (Depths:2)
  2 tengu warriors
  2 deep troll shamans
  A naga sharpshooter (Snake:4)
  A soul eater (Depths:1)
  4 iron trolls (Depths:4)
  7 skeletal warriors
  A glowing orange brain (Depths:2)
  A shadow dragon zombie (Crypt:2)
  An ironbound convoker (Vaults:2)
  8 deep trolls
  A wizard (Vaults:1)
  2 phantasmal warriors (Depths:4)
  A necromancer (Crypt:1)
  A sphinx skeleton (Depths:2)
  A shadow dragon skeleton (Depths:2)
  4 ugly things
  2 naga magi (Snake:4)
  2 vault sentinels (Vaults:1)
  A smoke demon (Depths:3)
  A centaur skeleton (Tomb:1)
  4 yaktaurs
  2 tengu conjurers
  A tormentor (Depths:2)
  5 guardian mummies
  A bunyip simulacrum (Crypt:1)
  A shadow dragon simulacrum (Crypt:1)
  2 flying skulls (Crypt:1)
  4 slime creatures
  2 ushabtiu
  10 nagas (Snake:4)
  A glowing shapeshifter skeleton (Depths:2)
  A nameless horror (Depths:1)
  An elf zombie (Crypt:2)
  A necrophage (Crypt:1)
  A human simulacrum (Depths:2)
  A polar bear skeleton (Crypt:2)
  7 mummies
163 creatures vanquished.

Vanquished Creatures (others)
  A walking divine tome (Depths:3)
  A thorn hunter (Swamp:4)
  2 ironbound preservers
  A war gargoyle (Vaults:3)
  A stone giant (Depths:1)
  An ironbound thunderhulk (Vaults:3)
  An ettin (Depths:1)
  A salamander tyrant (Snake:4)
  A hydra (Lair:4)
  2 shambling mangroves (Swamp:4)
  An anaconda (Snake:3)
  A catoblepas (D:12)
  An alligator (Swamp:2)
  A deep troll shaman (Depths:4)
  A naga warrior (Snake:3)
  3 deep troll earth magi
  A vampire mage (Depths:1)
  A naga sharpshooter (Snake:4)
  A hell knight (Depths:3)
  An iron troll (Depths:4)
  A deep troll (Depths:1)
  2 ironbound convokers
  A deep elf pyromancer (Swamp:4)
  2 ugly things
  An orc sorcerer (Swamp:4)
  A salamander (Snake:4)
  A cyclops (D:12)
  2 elephants (Lair:4)
  A naga mage (Snake:4)
  A cane toad (Lair:2)
  A bunyip simulacrum (Crypt:1)
  A nameless horror (Vaults:1)
  2 hornets (Swamp:4)
  3 bloated husks
  A yak (Lair:3)
  2 vampire mosquitoes (D:12)
  A neqoxec (Swamp:4)
  5 nagas
  A swamp worm (Swamp:2)
  A glowing shapeshifter skeleton (Depths:2)
  A centaur (D:12)
  A naga simulacrum (Crypt:1)
  An ufetubus (Abyss:2)
  A bush (Lair:3)
  A fire vortex (Depths:3)
  39 foxfires
  39 fungi
  89 plants
  10 starspawn tentacles (Abyss:2)
237 creatures vanquished.

Grand Total: 1690 creatures vanquished

Notes
Turn   | Place    | Note
-------+----------+-------------------------------------------
     0 | D:1      | Lavandula the Human Monk began the quest for the Orb.
     0 | D:1      | Reached XP level 1. HP: 18/18 MP: 1/1
   183 | D:1      | Reached XP level 2. HP: 14/24 MP: 2/2
   753 | D:2      | Reached XP level 3. HP: 19/29 MP: 3/3
   917 | D:2      | Reached XP level 4. HP: 8/35 MP: 4/4
  1594 | D:2      | Found an opulent altar of Gozag.
  1768 | D:2      | Reached skill level 5 in Long Blades
  2083 | D:3      | Found Nus Jeom's Book Shop.
  2193 | D:3      | Reached XP level 5. HP: 41/41 MP: 5/5
  2324 | D:3      | Found Zifiaph's Assorted Antiques.
  2329 | D:3      | Bought a long fluorescent wand for 84 gold pieces
  2329 | D:3      | Bought a scroll labelled VECUON ATSAJY for 21 gold pieces
  2329 | D:3      | Bought a clear potion for 18 gold pieces
  2364 | D:3      | Found Erydiff's Weapon Shoppe.
  3168 | D:4      | Found a sand-covered staircase.
  3173 | Ossuary  | Entered an ossuary
  3289 | Ossuary  | Noticed a flying skull
  3289 | Ossuary  | Noticed a wraith
  3298 | Ossuary  | Noticed a flying skull
  3424 | Ossuary  | Noticed a flying skull
  3430 | Ossuary  | Noticed a flying skull
  3521 | D:4      | Reached XP level 6. HP: 23/47 MP: 6/6
  3716 | D:4      | Found a bloodstained altar of Trog.
  3719 | D:4      | Found a shimmering blue altar of Sif Muna.
  3724 | D:4      | Found a glowing silver altar of Zin.
  3748 | D:4      | Noticed an ice beast
  3758 | D:4      | Killed an ice beast
  3768 | D:4      | Reached XP level 7. HP: 18/52 MP: 7/7
  4021 | D:4      | Found a snail-covered altar of Cheibriados.
  5053 | D:5      | Entered Level 5 of the Dungeon
  5089 | D:5      | Found a blossoming altar of Fedhas.
  5682 | D:5      | Reached XP level 8. HP: 22/58 MP: 8/8
  5924 | D:5      | Found a shadowy altar of Dithmenos.
  5924 | D:5      | Found a hazy altar of Hepliaklqana.
  5927 | D:5      | Noticed a shadow
  5996 | D:5      | Found a stormy altar of Qazlal.
  5996 | D:5      | Found a hide-covered altar of Uskayaw.
  5997 | D:5      | Found an ornate altar of the Wu Jian Council.
  6054 | D:5      | Found a broken altar of Ashenzari.
  6076 | D:5      | Noticed a troll
  6084 | D:5      | Killed a troll
  6550 | D:6      | Noticed Grinder
  6617 | D:6      | Paralysed by Grinder for 5 turns
  6683 | D:6      | Killed Grinder
  6684 | D:6      | Reached skill level 10 in Long Blades
  6684 | D:6      | Reached XP level 9. HP: 63/63 MP: 9/9
  6872 | D:6      | Found a staircase to the Ecumenical Temple.
  6879 | Temple   | Entered the Ecumenical Temple
  6933 | D:6      | Noticed Menkaure
  6939 | D:6      | Killed Menkaure
  7139 | D:6      | Found Nieniof's Weapon Boutique.
  7140 | D:6      | Found Gohayfuj's Assorted Antiques.
  7140 | D:6      | Found Cusami's Antique Weapon Boutique.
  7140 | D:6      | Found Riujyuwk's Assorted Antiques.
  7298 | D:6      | Bought a scroll labelled JAIRIUM CEHEO for 27 gold pieces
  7298 | D:6      | Bought a scroll labelled DUASIA ATIEP for 27 gold pieces
  7298 | D:6      | Bought a scroll labelled DOLOOM JAROU for 27 gold pieces
  8403 | D:7      | Found a white marble altar of Elyvilon.
  8409 | D:7      | Found a radiant altar of Vehumet.
  8409 | D:7      | Found a burning altar of Makhleb.
  8592 | D:7      | Reached XP level 10. HP: 24/70 MP: 10/10
  8924 | D:7      | Identified the +2 leather armour "Neemi" {-Cast rPois
                  | Regen+}
  9572 | D:8      | Found a flagged portal.
  9597 | Bailey   | Entered a bailey
  9768 | Bailey   | Reached skill level 1 in Throwing
 10312 | Bailey   | Noticed Grum
 10322 | Bailey   | Killed Grum
 10502 | Bailey   | Reached skill level 5 in Fighting
 11192 | D:6      | Bought a faintly glowing dagger for 154 gold pieces
 11192 | D:6      | Identified the +6 dagger of Arbitration {freeze, Drain
                  | rPois rC+} (You bought it in a shop on level 6 of the
                  | Dungeon)
 11284 | D:3      | Bought a glowing helmet for 157 gold pieces
 11284 | D:3      | Bought a scroll labelled DOLOOM JAROU for 21 gold pieces
 11385 | D:6      | Bought a scroll labelled VECUON ATSAJY for 27 gold pieces
 11385 | D:6      | Bought a pair of glowing boots for 202 gold pieces
 11393 | D:6      | Bought a scroll labelled COTOUR OSOEDGH for 31 gold pieces
 11393 | D:6      | Bought a scroll labelled BYFRAU TOW POA for 31 gold pieces
 11393 | D:6      | Bought a tubular pearl ring for 155 gold pieces
 11393 | D:6      | Bought an embroidered cloak for 232 gold pieces
 11469 | D:3      | Bought a +6 scimitar of holy wrath for 470 gold pieces
 11652 | D:8      | Reached XP level 11. HP: 48/80 MP: 11/11
 11922 | D:8      | Reached skill level 5 in Dodging
 12167 | D:8      | Noticed a manticore
 12188 | D:8      | Killed a manticore
 12688 | D:8      | Noticed a two-headed ogre
 12698 | D:8      | Killed a two-headed ogre
 13602 | D:9      | Found a sparkling altar of Nemelex Xobeh.
 13833 | D:9      | Found a staircase to the Lair.
 13833 | D:9      | Noticed an elephant
 13862 | D:9      | Killed an elephant
 13953 | D:7      | Became a worshipper of Elyvilon the Healer
 13953 | D:7      | Reached * piety under Elyvilon
 13953 | D:7      | Reached ** piety under Elyvilon
 14325 | D:10     | Entered Level 10 of the Dungeon
 14392 | D:10     | Noticed a two-headed ogre
 14410 | D:10     | Killed a two-headed ogre
 14513 | D:10     | Reached skill level 10 in Dodging
 14551 | D:10     | Reached XP level 12. HP: 81/86 MP: 12/12
 14633 | D:10     | Reached skill level 1 in Armour
 14646 | D:10     | Found a staircase to the Orcish Mines.
 14926 | D:10     | Noticed a two-headed ogre
 14962 | D:10     | Killed a two-headed ogre
 15094 | D:10     | Noticed a two-headed ogre
 15103 | D:10     | Killed a two-headed ogre
 15104 | D:10     | Reached skill level 5 in Armour
 15376 | D:11     | Found a gate leading to a gauntlet.
 15385 | Gauntlet | Entered a Gauntlet
 15385 | Gauntlet | Found a transporter.
 15385 | Gauntlet | Found a transporter.
 15385 | Gauntlet | Found a runed translucent gate.
 15385 | Gauntlet | Found a runed translucent gate.
 15385 | Gauntlet | Found a runed translucent gate.
 15393 | Gauntlet | Found a transporter.
 15397 | Gauntlet | Found a transporter.
 15409 | Gauntlet | Found a transporter.
 15413 | Gauntlet | Found a transporter.
 15413 | Gauntlet | Found a runed translucent door.
 15415 | Gauntlet | Found a runed translucent door.
 15417 | Gauntlet | Found a transporter.
 15433 | Gauntlet | Found a transporter.
 15433 | Gauntlet | Reached *** piety under Elyvilon
 15438 | Gauntlet | Noticed a ghost crab
 15447 | Gauntlet | Found a transporter.
 15451 | Gauntlet | Found a transporter.
 15459 | Gauntlet | Found a transporter.
 15463 | Gauntlet | Found a transporter.
 15467 | Gauntlet | Noticed a catoblepas
 15497 | Gauntlet | Reached skill level 1 in Invocations
 15597 | Gauntlet | Killed a ghost crab
 15598 | Gauntlet | Reached skill level 3 in Invocations
 15598 | Gauntlet | Identified the +2 helmet of Ominuju {rF+ Will+}
 15605 | Gauntlet | Noticed a minotaur
 15726 | Gauntlet | Killed a minotaur
 15727 | Gauntlet | Reached skill level 4 in Invocations
 16106 | D:11     | Reached skill level 5 in Invocations
 16342 | D:11     | Reached skill level 6 in Invocations
 16409 | D:11     | Reached **** piety under Elyvilon
 16639 | D:11     | Identified a scroll of acquirement
 16640 | D:11     | Acquired 563 gold pieces
 16806 | D:12     | Noticed a catoblepas
 16824 | D:12     | Pacified a catoblepas
 16825 | D:12     | Reached skill level 7 in Invocations
 16861 | D:12     | Noticed a two-headed ogre
 16865 | D:12     | Killed a catoblepas
 16876 | D:12     | Killed a two-headed ogre
 16877 | D:12     | Reached skill level 8 in Invocations
 16877 | D:12     | Reached XP level 13. HP: 51/92 MP: 17/19
 17061 | D:12     | Reached skill level 9 in Invocations
 17492 | D:12     | Reached skill level 10 in Invocations
 17847 | D:12     | Noticed Nergalle
 17864 | D:12     | Killed Nergalle
 18194 | D:13     | Elyvilon protects you from harm!
 18544 | D:13     | Found Keitwaps's Jewellery Emporium.
 18545 | D:13     | Noticed a catoblepas
 18556 | D:13     | Identified the amulet of the Enemy {Spirit rElec Int+6}
 18557 | D:13     | Killed a catoblepas
 18582 | D:13     | Found a gate to the Vaults.
 18584 | D:13     | Noticed an ogre mage
 18714 | D:13     | Noticed a centaur warrior
 18725 | D:13     | Killed a centaur warrior
 18767 | D:13     | Killed an ogre mage
 18813 | D:13     | Bought a +4 ring of slaying for 1092 gold pieces
 18825 | D:13     | Noticed a centaur warrior
 18834 | D:13     | Killed a centaur warrior
 19680 | D:14     | Reached skill level 10 in Armour
 19735 | D:14     | Noticed a centaur warrior
 19752 | D:14     | Killed a centaur warrior
 19772 | D:14     | Reached XP level 14. HP: 41/101 MP: 12/22
 19932 | D:14     | Reached skill level 5 in Stealth
 20153 | D:14     | Noticed Snorg
 20198 | D:14     | Killed Snorg
 20417 | D:14     | Reached skill level 10 in Stealth
 20640 | D:14     | Reached skill level 1 in Shields
 20947 | Lair:1   | Entered Level 1 of the Lair of Beasts
 21044 | Lair:1   | Found a snail-covered altar of Cheibriados.
 21175 | Lair:1   | Noticed Joseph
 21207 | Lair:1   | Killed Joseph
 21258 | Lair:1   | Reached ***** piety under Elyvilon
 21324 | Lair:1   | Noticed Maggie
 21341 | Lair:1   | Killed Maggie
 21961 | Lair:2   | Reached XP level 15. HP: 107/107 MP: 21/23
 22048 | Lair:2   | Found a staircase to the Swamp.
 22501 | Lair:2   | Reached skill level 15 in Stealth
 22714 | Lair:3   | Noticed Gastronok
 22728 | Lair:3   | Killed Gastronok
 22777 | Lair:3   | Gained mutation: Your spells are a little harder to cast,
                  | but a little more powerful. [potion of mutation]
 22778 | Lair:3   | Lost mutation: Your spells are a little harder to cast, but
                  | a little more powerful. [potion of mutation]
 22778 | Lair:3   | Gained mutation: You have hidden genetic defects. [potion
                  | of mutation]
 22778 | Lair:3   | Gained mutation: You have terrible hidden genetic defects.
                  | [potion of mutation]
 22779 | Lair:3   | Lost mutation: You have terrible hidden genetic defects.
                  | [potion of mutation]
 22779 | Lair:3   | Lost mutation: You have hidden genetic defects. [potion of
                  | mutation]
 22779 | Lair:3   | Gained mutation: You are robust. (+10% HP) [potion of
                  | mutation]
 22779 | Lair:3   | Gained mutation: You have sharp fingernails. [potion of
                  | mutation]
 22779 | Lair:3   | Gained mutation: Your mind is acute. (Int +4, Str/Dex -1)
                  | [potion of mutation]
 23038 | Lair:3   | Noticed Rupert
 23053 | Lair:3   | Killed Rupert
 23140 | Lair:3   | Reached skill level 10 in Fighting
 23486 | Lair:3   | Found a staircase to the Snake Pit.
 24184 | Lair:4   | Reached XP level 16. HP: 139/139 MP: 24/24
 24192 | Lair:4   | Learned a level 7 spell: Monstrous Menagerie
 24241 | Lair:4   | Found a viscous altar of Jiyva.
 24319 | Lair:4   | Reached skill level 1 in Spellcasting
 24843 | Lair:5   | Entered Level 5 of the Lair of Beasts
 24873 | Lair:5   | Reached skill level 1 in Summonings
 25350 | Lair:5   | Reached skill level 5 in Summonings
 25399 | Lair:5   | Identified the +5 hand axe of Dithmenos, Bespelling {heavy,
                  | rElec Dex+2 Stlth+}
 25774 | D:15     | Entered Level 15 of the Dungeon
 25784 | D:15     | Identified the +2 robe of Untold Secrets {rC- SInv
                  | Archmagi}
 25974 | D:15     | Found a staircase to the Depths.
 26239 | D:15     | Acquired a manual of Invocations
 26306 | D:15     | Reached skill level 11 in Invocations
 26717 | Swamp:1  | Entered Level 1 of the Swamp
 26837 | Swamp:1  | Reached skill level 12 in Invocations
 27022 | Swamp:1  | HP: 4/139 [will-o-the-wisp (7)]
 27031 | Swamp:1  | Reached skill level 13 in Invocations
 27573 | Swamp:2  | Noticed Nikola
 27573 | Swamp:2  | Noticed Frances
 27621 | Swamp:2  | Reached skill level 14 in Invocations
 27649 | Swamp:1  | Acquired a +1 pair of gloves of dexterity
 27721 | Swamp:2  | Noticed Louise
 27724 | Swamp:2  | Pacified Louise
 27725 | Swamp:2  | Reached XP level 17. HP: 146/146 MP: 22/27
 27904 | Swamp:2  | Noticed Donald
 27913 | Swamp:2  | Killed Donald
 27914 | Swamp:2  | Reached skill level 15 in Invocations
 27949 | Swamp:2  | Killed Nikola
 27951 | Swamp:2  | Pacified Frances
 27954 | Swamp:2  | Noticed Kirke
 27975 | Swamp:2  | Killed Kirke
 27976 | Swamp:2  | Reached skill level 16 in Invocations
 28460 | Swamp:3  | Reached skill level 17 in Invocations
 28741 | Swamp:3  | Noticed Jorgrun
 28757 | Swamp:3  | Pacified Jorgrun
 28758 | Swamp:3  | Reached skill level 18 in Invocations
 29141 | Swamp:4  | Entered Level 4 of the Swamp
 29372 | Swamp:4  | Identified the +6 shortbow "Wotum" {speed, Int+6 Dex+2}
 29570 | Swamp:4  | Reached skill level 10 in Summonings
 29765 | Swamp:4  | Noticed a thorn hunter
 29788 | Swamp:4  | Killed a thorn hunter
 29874 | Swamp:4  | Reached XP level 18. HP: 90/154 MP: 17/31
 30092 | Swamp:4  | Paralysed by a fenstrider witch for 4 turns
 30805 | Swamp:4  | Got a decaying rune of Zot
 31311 | Snake:1  | Entered Level 1 of the Snake Pit
 31311 | Snake:1  | Found Uceidia's Book Shop.
 31512 | Snake:1  | Found a sacrificial altar of Ru.
 31755 | Snake:1  | Reached skill level 5 in Shields
 32657 | Snake:2  | Found Nilic's Antique Armour Emporium.
 32673 | Snake:2  | Found a runed translucent gate.
 32673 | Snake:2  | Found a runed translucent gate.
 32673 | Snake:2  | Found a runed translucent gate.
 32850 | Snake:2  | Found a runed translucent door.
 32852 | Snake:2  | Found a shimmering altar of Xom.
 32852 | Snake:2  | Noticed iskra's ghost (adept AtBe)
 33483 | Snake:3  | Found a runed translucent door.
 33527 | Snake:3  | Reached XP level 19. HP: 161/161 MP: 32/32
 33704 | Snake:3  | Noticed Kocveate's ghost (adept MiBe)
 34371 | Snake:4  | Entered Level 4 of the Snake Pit
 34497 | Snake:4  | Found Cof Wyt's Weapon Emporium.
 34505 | Snake:4  | Found Wekops's Armour Emporium.
 34582 | Snake:4  | Identified the +4 whip of Fear {elec, rC+ Str+4}
 35242 | Snake:4  | Identified Roxanne's Precepts of Minerals
 35242 | Snake:4  | Noticed Roxanne
 35449 | Snake:4  | Killed Roxanne
 35943 | Snake:4  | Reached skill level 15 in Summonings
 36592 | Snake:4  | Got a serpentine rune of Zot
 36893 | Vaults:1 | Entered Level 1 of the Vaults
 37711 | Vaults:1 | Paralysed by a sphinx for 4 turns
 37732 | Vaults:1 | Noticed Aizul
 37752 | Vaults:1 | Killed Aizul
 38101 | Vaults:1 | Found Imakoa's Distillery.
 38109 | Vaults:1 | Bought a potion of curing for 57 gold pieces
 38109 | Vaults:1 | Bought 2 potions of might for 152 gold pieces
 38633 | Vaults:2 | Reached XP level 20. HP: 131/169 MP: 24/33
 39446 | Vaults:2 | Found Xaukit's Antique Armour Boutique.
 39480 | Vaults:2 | Bought a glowing kite shield for 232 gold pieces
 39480 | Vaults:2 | Bought a pair of runed boots for 232 gold pieces
 40156 | Vaults:2 | Found a staircase to the Crypt.
 40156 | Vaults:2 | Found an ancient bone altar of Kikubaaqudgha.
 40156 | Vaults:2 | Found a basalt altar of Yredelemnul.
 40484 | Vaults:3 | Found Walo's General Store.
 40579 | Vaults:3 | Found Luux's Book Boutique.
 41277 | Depths:1 | Entered Level 1 of the Depths
 41646 | Depths:1 | Reached skill level 5 in Spellcasting
 42323 | Depths:1 | Found a one-way gate to the infinite horrors of the Abyss.
 42337 | Depths:1 | Reached XP level 21. HP: 176/176 MP: 34/34
 42623 | Depths:1 | Found Leemiamp's General Store.
 42630 | Depths:1 | Bought a potion of ambrosia for 104 gold pieces
 42795 | Depths:1 | Reached XP level 22. HP: 183/183 MP: 35/35
 42874 | Depths:1 | Found a gateway to Hell.
 43048 | Depths:2 | Reached skill level 10 in Shields
 43158 | Depths:2 | Found a one-way gate leading to the halls of Pandemonium.
 43681 | Depths:2 | Found an ancient bone altar of Kikubaaqudgha.
 43954 | Depths:2 | Found the +8 lance "Wyrmbane" {slay drac, rPois rF+ rC+
                  | AC+3}
 44086 | Depths:2 | Reached skill level 1 in Polearms
 44584 | Depths:2 | Identified the +9 flail of Suicidal Tendencies {protect,
                  | rCorr MP+9}
 44755 | Depths:2 | Reached skill level 5 in Polearms
 44795 | Depths:2 | Identified the ring of Finality {rN+ Int+3 Dex+6}
 45564 | Depths:3 | Identified the +4 hand axe "Zimo" {elec, Int+3 Dex+2}
 45616 | Depths:3 | Found a large runed translucent door.
 45616 | Depths:3 | Found a large runed translucent door.
 45767 | Depths:3 | Found a one-way gateway to a ziggurat.
 45887 | Depths:3 | Noticed a caustic shrike
 45892 | Depths:3 | Pacified a caustic shrike
 46272 | Depths:3 | Noticed dricus's ghost (veteran MiBe)
 46887 | Depths:3 | Killed dricus's ghost
 46995 | Depths:4 | Entered Level 4 of the Depths
 47371 | Depths:4 | Reached ****** piety under Elyvilon
 47376 | Depths:4 | Found a hide-covered altar of Uskayaw.
 47534 | Depths:4 | Reached XP level 23. HP: 64/174 MP: 4/36
 47758 | Depths:4 | Reached skill level 10 in Polearms
 47906 | Depths:4 | Found a gate to the Realm of Zot.
 48087 | Depths:4 | Noticed a golden dragon
 48096 | Depths:4 | Killed a golden dragon
 48339 | Depths:4 | Found a shimmering blue altar of Sif Muna.
 49480 | Depths:3 | Voluntarily entered the Abyss.
 49501 | Abyss:1  | Found a corrupted altar of Lugonu.
 49556 | Abyss:2  | Found a corrupted altar of Lugonu.
 49655 | Abyss:2  | Found a corrupted altar of Lugonu.
 49689 | Abyss:2  | Gained mutation: Your body sometimes deteriorates upon
                  | taking damage. [a neqoxec]
 49692 | Abyss:2  | Gained mutation: You have hidden genetic defects. [a
                  | neqoxec]
 49831 | Abyss:2  | Gained mutation: You have terrible hidden genetic defects.
                  | [a cacodemon]
 49836 | Abyss:2  | Gained mutation: Armour fits poorly on your strangely
                  | shaped body. [a cacodemon]
 49895 | Abyss:2  | Paralysed by accursed screaming for 1 turns
 49921 | Depths:3 | Escaped the Abyss
 49925 | Depths:3 | Lost mutation: You have sharp fingernails. [potion of
                  | mutation]
 49925 | Depths:3 | Lost mutation: You have terrible hidden genetic defects.
                  | [potion of mutation]
 49925 | Depths:3 | Lost mutation: Armour fits poorly on your strangely shaped
                  | body. [potion of mutation]
 49926 | Depths:3 | Lost mutation: Your mind is acute. (Int +4, Str/Dex -1)
                  | [potion of mutation]
 49926 | Depths:3 | Lost mutation: You have hidden genetic defects. [potion of
                  | mutation]
 49926 | Depths:3 | Gained mutation: Your muscles are strong. (Str +4, Int/Dex
                  | -1) [potion of mutation]
 50339 | Temple   | Fell from the grace of Elyvilon
 50339 | Temple   | Became a worshipper of the Shining One
 50339 | Temple   | Reached * piety under the Shining One
 50339 | Temple   | Reached ** piety under the Shining One
 50339 | Temple   | Reached *** piety under the Shining One
 50550 | Crypt:1  | Entered Level 1 of the Crypt
 50682 | Crypt:1  | Reached **** piety under the Shining One
 51038 | Crypt:1  | Identified the ring "Obet" {Ice Str+3}
 51038 | Crypt:1  | Noticed Josephina
 51047 | Crypt:1  | Reached ***** piety under the Shining One
 51070 | Crypt:1  | Killed Josephina
 51123 | Crypt:1  | Reached skill level 15 in Fighting
 51600 | Crypt:2  | Reached XP level 24. HP: 186/209 MP: 36/36
 51708 | Crypt:2  | Reached ****** piety under the Shining One
 51720 | Crypt:2  | Identified a +3 eudemon blade of holy wrath (a +1 demon
                  | blade blessed by the Shining One)
 51720 | Crypt:2  | Received a gift from the Shining One
 51818 | Crypt:2  | Noticed Frederick
 51849 | Crypt:2  | Killed Frederick
 52321 | Crypt:1  | Found an ancient bone altar of Kikubaaqudgha.
 52339 | Crypt:3  | Entered Level 3 of the Crypt
 52700 | Crypt:3  | Noticed a dread lich
 52722 | Crypt:3  | Killed a dread lich
 52732 | Crypt:3  | Reached skill level 19 in Invocations
 52870 | Crypt:3  | Noticed a dread lich
 52870 | Crypt:3  | Noticed a dread lich
 52972 | Crypt:3  | Learned a level 2 spell: Blink
 53047 | Crypt:3  | Found a staircase to the Tomb.
 53198 | Tomb:1   | Entered Level 1 of the Tomb of the Ancients
 53290 | Tomb:1   | Reached skill level 1 in Translocations
 53300 | Tomb:1   | Identified the +0 kite shield "Urghune" {rPois rN+++ Dex-3
                  | Stlth+}
 53594 | Tomb:1   | Identified the +2 sling of Tender Mercy {heavy, rElec rCorr
                  | Dex+4}
 53733 | Tomb:1   | Noticed a royal mummy
 53736 | Tomb:1   | Noticed a royal mummy
 53747 | Tomb:1   | Killed a royal mummy
 53749 | Tomb:1   | Noticed a royal mummy
 53750 | Tomb:1   | Killed a royal mummy
 53751 | Tomb:1   | Reached skill level 5 in Translocations
 53757 | Tomb:1   | Killed a royal mummy
 53902 | Tomb:1   | Reached XP level 25. HP: 222/223 MP: 36/36
 54187 | Tomb:2   | Noticed a royal mummy
 54189 | Tomb:2   | Noticed a royal mummy
 54189 | Tomb:2   | Noticed a royal mummy
 54189 | Tomb:2   | Noticed a royal mummy
 54204 | Tomb:2   | Killed a royal mummy
 54207 | Tomb:2   | HP: 11/223 [bennu (6)]
 54207 | Tomb:2   | HP: 2/223 [mummy (8)]
 54208 | Tomb:2   | The Shining One protects you from harm!
 54208 | Tomb:2   | The Shining One protects you from harm!
 54209 | Tomb:2   | Slain by a bennu

Illustrated notes

Levels and vault maps discovered:
D:1:      minmay_arrival_jagged, layout_rooms, minmay_misc_feat_nine_boxes
D:2:      layout_basic, basic_altar
D:3:      layout_loops_corners, serial_shops, nicolae_diamond_shop, shop, shop
D:4:      layout_loops_corners, chei_slow_surprise,
          grunt_temple_overflow_diamond, nicolae_ossuary_entry_plus
D:5:      layout_loops_ring, riverfiend_overflow_shadow_ancestor,
          lemuel_crystal_altar, nicolae_overflow_quartered_altars
D:6:      minmay_angry_zag, layout_loops_ring, temple_statues,
          minmay_shop_grid_forest, uniq_menkaure, uniq_grinder
D:7:      layout_basic, minitemple, grunt_ministairs_15
D:8:      cheibrodos_two_vegetables, layout_cave_pods, enter_bailey_5,
          st_stairs_2
D:9:      layout_basic, nemelex_diamond_rough_becter, david_lair_generic
D:10:     layout_rooms, erik_orc_3, minivault_19, minmay_misc_feat_pillars
D:11:     layout_gridville, gauntlet_entry_generic
D:12:     layout_layer_cave, minmay_fractal_squares_5, uniq_nergalle
D:13:     layout_gridville, david_vaults_2, nicolae_stop_n_shop_2
D:14:     layout_rooms, minmay_misc_feat_four_crosses, elves_outpost_lemuel,
          uniq_snorg
D:15:     hangedman_depths_entry_civil_slaughter, layout_rooms
Temple:   nicolae_temple_ecumenical_triangle
Lair:1:   layout_big_grid, kennysheep_snail_temple, uniq_maggie, uniq_joseph
Lair:2:   lemuel_slime, layout_loops_ring, minmay_swamp_entry_worms,
          serial_bayou_pond_c
Lair:3:   layout_loops_ring, nicolae_snake_entry_squirm,
          nicolae_quartered_pool_little, serial_bayou_crossing, uniq_gastronok,
          uniq_rupert
Lair:4:   layout_misc_corridors, minmay_slime_entry_oklob_enclosed,
          grunt_megastairs_1
Lair:5:   gammafunk_lair_ancient_temple, layout_misc_corridors
Swamp:1:  layout_falls_marsh, evilmike_swamp_ruin_rubble_1
Swamp:2:  layout_basic_swamp, evilmike_swamp_ruin_house_3, uniq_kirke,
          uniq_nikola, uniq_louise, uniq_frances, uniq_donald
Swamp:3:  layout_basic_swamp, evilmike_swamp_ruin_wall, swamp_pool4,
          hangedman_swamp_wriggling, uniq_jorgrun
Swamp:4:  nzn_swamp_witches_coven, layout_basic_swamp
Snake:1:  layout_grid_maze, basic_altar, serial_shops, nicolae_square_shop
Snake:2:  layout_onion_interference, serial_shops, shop, ebering_ghost_xom,
          nicolae_snake_horde_hoard, serial_bayou_shore_b, lemuel_fruit_tree,
          nicolae_triple_integral
Snake:3:  layout_basic, ebering_ghost_inner_flame,
          nicolae_snake_snakes_in_the_grass
Snake:4:  minmay_snake_end_coiled, layout_basic, minmay_shop_star, uniq_roxanne
Vaults:1: dpeg_vaults_monster_row, vaults_room_fancy_cross,
          nicolae_vaults_yaktaur_gun_rack, vaults_dpeg_doors, v_rooms_3,
          hangedman_vaults_snaps, v_misc_33, vaults_room_grid,
          hangedman_vaults_maws, grunt_vaults_bifocal,
          ontoclasm_vaults_decontamination, ontoclasm_vaults_ring_square,
          layout_vaults_omnibox, serial_shops, shop, uniq_aizul
Vaults:2: minmay_crypt_entry_necro_gods, v_misc_22, vaults_dpeg_emergency_exit,
          grunt_vaults_funnel, st_more_cells, nicolae_vaults_little_squares_1,
          ontoclasm_vaults_chip, hangedman_vaults_maws, layout_vaults_quadrants,
          serial_shops, nicolae_shop_window_shopping
Vaults:3: hangedman_vaults_pinch, ontoclasm_vaults_idyll,
          nicolae_vaults_windows_and_doors_thing, v_misc_11,
          ontoclasm_vaults_pinch, nicolae_vaults_ninety_degrees,
          dpeg_vaults_monster_box, v_misc_9, nicolae_vaults_specimen_jars,
          layout_vaults_big_cross, serial_shops, nicolae_diamond_shop,
          nicolae_shop_advertising_works [nicolae_subvault_shop_adworks]
Crypt:1:  layout_gridlike, lemuel_nasty_fountain,
          roderic_lattice_octagonal_star, grunt_megastairs_3,
          lemuel_upstairs_altar, grunt_crypt_arrival_webbed, uniq_josephina,
          uniq_margery
Crypt:2:  layout_rooms, grunt_megastairs_4, uniq_frederick
Crypt:3:  david_glass_crypt, layout_rooms, tomb_entry_simple_bobbens
Tomb:1
Tomb:2
Depths:1: layout_roguey, hellmouth_2, abyss_entry, kennysheep_small_square
Depths:2: evilmike_negative_zone, layout_gridlike, grunt_hell_entry_dis_mu,
          rand_demon_pan_entry_3, infiniplex_staircase_pool_2
Depths:3: minmay_bloctagon_deflated, layout_gridville, enter_ziggurat_c,
          abyss_entry, hellmouth_1, ebering_ghost_disaster_area,
          corexii_corridor_pit, evilmike_butchery
Depths:4: grunt_x_marks_the_spot, layout_gridlike, led_sif_pool, hell_entry,
          nicolae_uskayaw_suspiria

Skill      XL: |  1  2  3  4  5  6  7  8  9 10 11 12 13 14 15 16 17 18 19 20 21 22 23 24 25 |
---------------+----------------------------------------------------------------------------+-----
Long Blades    | 4 5 6 7 8 10 12 14 | 14.0
Evocations     | 4 |  4.2
Throwing       | 2 |  2.0
Fighting       | 5 6 11 12 15 17 | 17.6
Dodging        | 10 | 10.4
Armour         | 6 10 | 10.0
Invocations    | 8 10 14 18 19 | 19.4
Stealth        | 14 15 | 15.7
Shields        | 4 9 11 | 11.5
Spellcasting   | 3 6 8 |  8.9
Summonings     | 8 10 12 16 18 | 18.9
Polearms       | 9 12 | 12.0
Translocations | 7 9 |  9.1

Action                     |  1- 3 |  4- 6 |  7- 9 | 10-12 | 13-15 | 16-18 | 19-21 | 22-24 | 25-27 || total
---------------------------+-------+-------+-------+-------+-------+-------+-------+-------+-------++-------
  Melee: Falchion          |    80 |   241 |   151 |       |       |       |       |       |       ||   472
         Punch             |     1 |     4 |     9 |    11 |     5 |       |       |       |       ||    30
         Long sword        |       |       |   256 |   223 |       |       |       |       |       ||   479
         Unarmed           |       |       |     1 |       |       |       |       |       |       ||     1
         Scimitar          |       |       |       |   400 |  1116 |  1480 |  1023 |   493 |       ||  4512
         Lance             |       |       |       |       |       |       |       |   791 |       ||   791
         Eudemon blade     |       |       |       |       |       |       |       |   371 |    23 ||   394
  Throw: Dart              |       |       |       |     7 |     1 |     1 |       |       |       ||     9
         Throwing net      |       |       |       |       |     1 |     3 |       |       |       ||     4
   Cast: Monstrous Menager |       |       |       |       |       |       |    69 |    73 |       ||   142
 Invoke: Heal Other        |       |       |       |     3 |     3 |    30 |    16 |    10 |       ||    62
         Heal Self         |       |       |       |       |     2 |     9 |     4 |     3 |       ||    18
         Divine Vigour     |       |       |       |       |       |     1 |       |       |       ||     1
         Summon Divine War |       |       |       |       |       |       |       |     6 |     5 ||    11
         Cleansing Flame   |       |       |       |       |       |       |       |     2 |     1 ||     3
         Brand Weapon With |       |       |       |       |       |       |       |     1 |       ||     1
  Evoke: Wand              |       |     4 |     8 |    26 |       |     7 |     6 |     1 |       ||    52
         Phantom mirror    |       |       |       |     1 |       |     1 |     1 |       |       ||     3
         Lightning rod     |       |       |       |       |     4 |     4 |       |     3 |       ||    11
         Tin of tremorston |       |       |       |       |       |     2 |     4 |       |       ||     6
    Use: Scroll            |       |     5 |     2 |    16 |     8 |     8 |     3 |     6 |       ||    48
         Potion            |       |     1 |     1 |     2 |     6 |    12 |    10 |     7 |    10 ||    49
   Stab: Sleeping          |     5 |    14 |       |       |    14 |    29 |    16 |    11 |       ||    89
         Paralysed         |       |     3 |    13 |       |       |       |       |     2 |       ||    18
         Distracted        |       |       |       |       |     7 |     6 |    22 |    26 |       ||    61
         Held in net/web   |       |       |       |       |     5 |     3 |       |       |       ||     8
 Armour: Robe              |    18 |    16 |       |       |       |       |       |       |       ||    34
         Ring mail         |       |    20 |     4 |       |       |       |       |       |       ||    24
         Chain mail        |       |       |   133 |    94 |       |       |       |       |       ||   227
         Scale mail        |       |       |       |   172 |   130 |       |       |       |       ||   302
         Troll leather arm |       |       |       |       |   239 |   314 |   345 |   444 |    35 ||  1377
         Leather armour    |       |       |       |       |       |    46 |       |       |       ||    46
  Dodge: Dodged            |    68 |   135 |    84 |   281 |   940 |  1013 |   854 |   901 |    66 ||  4342
  Block: Other             |       |     9 |    62 |   130 |     9 |       |       |       |       ||   210
         Reflection        |       |       |       |     1 |       |       |       |       |       ||     1
         Buckler           |       |       |       |       |   175 |   280 |   315 |   445 |    30 ||  1245

Table legend: (Time is in decaauts)
 A = Elapsed time spent in this place.
 B = Non-inter-level travel time spent in this place.
 C = Inter-level travel time spent in this place.
 D = Time resting spent in this place.
 E = Time spent auto-exploring this place.
 F = Levels seen in this place.
 G = Mean time per level.
                   A        B        C        D        E       F      G
               +--------+--------+--------+--------+--------+-----+--------+
         Total |  52823 |  49058 |   3765 |   7078 |  29721 |  46 | 1148.3 |
       Dungeon |  19918 |  17812 |   2106 |   2433 |  12097 |  15 | 1327.9 |
        Temple |     68 |     44 |     24 |      0 |     38 |   1 |   68.0 |
          Lair |   4810 |   4277 |    533 |    126 |   2689 |   5 |  962.0 |
         Swamp |   4268 |   4145 |    123 |    910 |   1813 |   4 | 1067.0 |
     Snake Pit |   5249 |   5029 |    220 |    756 |   2960 |   4 | 1312.2 |
        Vaults |   4266 |   4013 |    253 |    432 |   2839 |   3 | 1422.0 |
         Crypt |   2431 |   2285 |    146 |      0 |   1539 |   3 |  810.3 |
          Tomb |   1062 |    998 |     64 |    102 |    390 |   2 |  531.0 |
        Depths |   8110 |   7819 |    291 |   1261 |   4873 |   4 | 2027.5 |
         Abyss |    395 |    395 |      0 |      0 |      0 |   2 |  197.5 |
       Ossuary |    323 |    323 |      0 |    100 |     66 |   1 |  323.0 |
        Bailey |   1430 |   1430 |      0 |    652 |    414 |   1 | 1430.0 |
      Gauntlet |    487 |    487 |      0 |    305 |      0 |   1 |  487.0 |
               +--------+--------+--------+--------+--------+-----+--------+

Top non-repeatable levels by time:
Depths:2: 2562 daAuts
Vaults:2: 2200 daAuts
Depths:4: 2190 daAuts
     D:8: 2069 daAuts
 Snake:4: 2021 daAuts
Depths:3: 1910 daAuts
    D:12: 1875 daAuts
 Swamp:4: 1765 daAuts
     D:4: 1752 daAuts
     D:7: 1659 daAuts
     D:6: 1575 daAuts
Vaults:1: 1543 daAuts
 Snake:3: 1540 daAuts
Depths:1: 1447 daAuts
  Bailey: 1430 daAuts
